 Dungeon Sprint DCSS version 0.31-a0-841-g038b102fc3 (webtiles) character file.

Game seed: 15382653375884721847

763 sircluck the Grappler (level 7, -3/81 HPs)
             Began as a Troll Berserker on Sept 27, 2023.
             Was a High Priest of Trog.
             Slain by an orc warrior
             ... wielding a +0 glaive
              (16 damage)
             ... in the Dungeon (Sprint VII: "The Pits").
             The game lasted 00:00:51 (255 turns).

sircluck the Grappler (Troll Berserker)              Turns: 255, Time: 00:00:51

Health: -3/81      AC:  4    Str: 28    XL:     7   Next: 51%
Magic:  6/6        EV: 12    Int:  3    God:    Trog [*****.]
Gold:   0          SH:  0    Dex:  9    Spells: 6/6 levels left

rFire   . .          .
                       - Unarmed
rCold   . . .        (no shield)
rNeg    . . .        a - +0 animal skin
rPois   .            (helmet restricted)
rElec   .            (no cloak)
rCorr   .            (gloves unavailable)
SInv    .            (boots unavailable)
Will    .....        (no amulet)
Stlth   +            (no ring)
HPRegen 1.13/turn    (no ring)
MPRegen 0.10/turn

%: no teleportation
@: no status effects
A: large, unfitting armour, claws 3, regeneration 1, shaggy fur 1, tough skin 1
a: Renounce Religion, Berserk, Trog's Hand, Brothers in Arms


You were in the Dungeon.
You worshipped Trog.
Trog was extremely pleased with you.
You visited 1 branch

Inventory:

Armour
 a - a +0 animal skin (worn)
Scrolls
 g - a scroll of blinking
 i - 2 scrolls of vulnerability
 j - a scroll of summoning
Potions
 b - 6 potions of curing
 c - 5 potions of heal wounds
 d - a potion of haste
 e - 4 potions of magic
 f - 3 potions of berserk rage
 h - 2 potions of invisibility


   Skills:
 + Level 8.5 Fighting
 + Level 8.4 Dodging
 + Level 10.1 Unarmed Combat


You had 6 spell levels left.
You didn't know any spells.
Your spell library was empty.

Dungeon Overview and Level Annotations

Branches:
Dungeon (1/1)

Altars:
Ashenzari
Cheibriados
Dithmenos
Elyvilon
Fedhas
Gozag
Hepliaklqana
Kikubaaqudgha
Makhleb
Nemelex Xobeh
Okawaru
Qazlal
Ru
Sif Muna
Trog
Uskayaw
Vehumet
Wu Jian
Xom
Yredelemnul
Zin
The Shining One
Jiyva
Lugonu


Innate Abilities, Weirdness & Mutations

You are too large for most types of armour.
You have claws for hands.
Your natural rate of healing is unusually fast.
You are covered in fur. (AC +1)
You have tough skin. (AC +1)


Message History

Things that are here:
a +0 dagger; a +0 robe; an orc corpse The orc warrior attacks as it pursues you!
The orc warrior hits you from afar with a +0 glaive.
* * * LOW HITPOINT WARNING * * *
The orc warrior misses you.
The orc priest calls down the wrath of Beogh upon you.
Beogh smites you!
* * * LOW HITPOINT WARNING * * *
Things that are here:
a +0 dagger; a +0 robe; an orc corpse You scratch the orc warrior but do no damage.
The orc warrior barely misses you.
The orc priest looks braver for a moment.
You scratch the orc warrior.
The orc warrior is lightly wounded.
The orc warrior hits you with a +0 glaive!
* * * LOW HITPOINT WARNING * * *
Unknown command.
Unknown command.
You feel much better.
The orc warrior hits you with a +0 glaive!
* * * LOW HITPOINT WARNING * * *
Unknown command.
Unknown command.
You barely miss the orc warrior.
The orc warrior is lightly wounded.
The orc warrior hits you with a +0 glaive.
* * * LOW HITPOINT WARNING * * *
You claw the orc warrior!
The orc warrior is heavily wounded.
The orc warrior hits you with a +0 glaive!
* * * LOW HITPOINT WARNING * * *
The orc priest miscasts a cantrip.
You scratch the orc warrior.
The orc warrior is heavily wounded.
You barely miss the orc warrior.
The orc warrior is heavily wounded.
The orc warrior hits you with a +0 glaive!
You die...

##########'##.....
#.?(.')))'.##.....
##########.##.....
#..........)'.....
#'#####)#####.....
#.#...#)#[[##.....
#.#...#.#))#####'#
#.#...'.#))##.....
#@##'####))##.....
#o#.....#..##.....
#o#.....#'###...<.
#o#........##.....
#o#........##.....
#o###########.....
#.......# ######
#..#.#..# #.## #


You could see an orc warrior, 2 orc priests and 2 orcs.

Vanquished Creatures
  A deep elf zephyrmancer (D)
  Menkaure (D)
  A wolf (D)
  A necrophage (D)
  A quasit (D)
  An orc wizard (D)
  A gnoll (D)
  An adder (D)
  An ufetubus (D)
  4 orcs (D)
  A bat zombie (D)
  2 jackals (D)
  2 quokkas (D)
  A ball python (D)
  A kobold (D)
20 creatures vanquished.

Notes
Turn   | Place    | Note
-------+----------+-------------------------------------------
     0 | D        | sircluck the Troll Berserker began the quest for the Orb.
     0 | D        | Reached XP level 1. HP: 22/22 MP: 0/0
    11 | D        | Noticed a deep elf zephyrmancer
    11 | D        | Noticed a wolf
    24 | D        | Killed a wolf
    25 | D        | Reached skill level 5 in Unarmed Combat
    25 | D        | Reached XP level 2. HP: 14/33 MP: 1/1
    25 | D        | Reached XP level 3. HP: 17/40 MP: 2/2
    25 | D        | Reached XP level 4. HP: 21/49 MP: 3/3
    27 | D        | Killed a deep elf zephyrmancer
    27 | D        | Reached ** piety under Trog
    28 | D        | Reached skill level 9 in Unarmed Combat
    28 | D        | Reached XP level 5. HP: 30/63 MP: 4/4
    28 | D        | Reached XP level 6. HP: 34/72 MP: 5/5
    90 | D        | Found a bloodstained altar of Trog.
    90 | D        | Found a shimmering blue altar of Sif Muna.
    90 | D        | Found a viscous altar of Jiyva.
    90 | D        | Found a hazy altar of Hepliaklqana.
    90 | D        | Found an opulent altar of Gozag.
    91 | D        | Found a glowing golden altar of the Shining One.
    91 | D        | Found a glowing silver altar of Zin.
    91 | D        | Found a basalt altar of Yredelemnul.
    91 | D        | Found a shimmering altar of Xom.
    91 | D        | Found an ornate altar of the Wu Jian Council.
    91 | D        | Found a sacrificial altar of Ru.
    91 | D        | Found a stormy altar of Qazlal.
    91 | D        | Found an iron altar of Okawaru.
    91 | D        | Found a sparkling altar of Nemelex Xobeh.
    91 | D        | Found a burning altar of Makhleb.
    91 | D        | Found a blossoming altar of Fedhas.
    91 | D        | Found a white marble altar of Elyvilon.
    91 | D        | Found a shadowy altar of Dithmenos.
    91 | D        | Found a snail-covered altar of Cheibriados.
    94 | D        | Found a corrupted altar of Lugonu.
    94 | D        | Found a radiant altar of Vehumet.
    95 | D        | Found an ancient bone altar of Kikubaaqudgha.
    95 | D        | Found a hide-covered altar of Uskayaw.
    95 | D        | Found a broken altar of Ashenzari.
   147 | D        | Reached *** piety under Trog
   158 | D        | Reached **** piety under Trog
   160 | D        | Reached XP level 7. HP: 79/79 MP: 6/6
   215 | D        | Reached ***** piety under Trog
   224 | D        | Noticed Menkaure
   238 | D        | Killed Menkaure
   238 | D        | Identified the +5 demon whip of Charity {flame, rCorr Int-4
                  | Dex+7} (Trog gifted it to you in the Dungeon)
   238 | D        | Received a gift from Trog
   243 | D        | Reached skill level 10 in Unarmed Combat
   250 | D        | HP: 3/81 [orc warrior/+0 glaive (8)]
   255 | D        | Slain by an orc warrior

Illustrated notes

Levels and vault maps discovered:
D:        pitsprint [storerooms_1, entrance_room_1, metal_vault_4, armoury_2,
          mini_pit_1, grid_room_1, main_hall_1, silver_pit, the_coven_1,
          the_vestibule_1, steel_vault_3, golden_pit, hallway_of_sentries,
          crystal_vault_1, iron_vault_5, final_vault]

Skill      XL: |  1  2  3  4  5  6  7 |
---------------+----------------------+-----
Fighting       | 4 7 8 |  8.5
Dodging        | 4 7 8 |  8.4
Unarmed Combat | 5 9 10 | 10.1

Action                     |  1- 3 |  4- 6 |  7- 9 || total
---------------------------+-------+-------+-------++-------
  Melee: Unarmed           |     9 |    16 |    20 ||    45
 Invoke: Berserk           |     1 |       |       ||     1
    Use: Potion            |       |       |     1 ||     1
 Armour: Animal skin       |     7 |     5 |    16 ||    28
  Dodge: Dodged            |     2 |     8 |     5 ||    15

Table legend: (Time is in decaauts)
 A = Elapsed time spent in this place.
 B = Non-inter-level travel time spent in this place.
 C = Inter-level travel time spent in this place.
 D = Time resting spent in this place.
 E = Time spent auto-exploring this place.
 F = Levels seen in this place.
 G = Mean time per level.
                   A        B        C        D        E       F      G
               +--------+--------+--------+--------+--------+-----+--------+
         Total |    252 |    252 |      0 |     41 |     81 |   1 |  252.0 |
       Dungeon |    252 |    252 |      0 |     41 |     81 |   1 |  252.0 |
               +--------+--------+--------+--------+--------+-----+--------+

Top non-repeatable levels by time:
       D: 252 daAuts
